Map: Shrines of Lizul

Players

ILIEKEGGPIE

  • Race: Protoss Protoss
  • League: Platinum
  • Spawn Location: 9:00

BizMac

  • Race: Protoss Protoss
  • Spawn Location: 6:00

Fluxior

  • Race: Terran Terran
  • League: Grandmaster
  • Spawn Location: 3:00

TripleHelix

  • Race: Protoss Protoss
  • League: Master
  • Spawn Location: 12:00

VOD

Have the link to the VOD?

Description

Time

  • Played on: May 25, 2018, 7:34 p.m.
  • Length: 5:49
Show
View Real Time Build Order
Export as new Build Order

ILIEKEGGPIE Protoss 

Build Orders: Blink Stalkers 

Get SALT Encoding   

  12  0:01  Probe  
  13  0:14  Probe  
  14  0:19  Pylon  
  14  0:25  Probe  
  15  0:33  Probe  
  15  0:41  Probe  
  16  0:45  Gateway  
  17  0:52  Probe  
  18  0:57  Assimilator  
  18  1:04  Assimilator  
  18  1:08  Probe  
  19  1:16  Gateway  
  19  1:28  Probe  
  20  1:36  Cybernetics Core  
  20  1:40  Pylon, Probe  
  21  1:59  Probe  
  22  2:05  Stalker x2  
  22  2:13  Warp Gate  
  26  2:38  Twilight Council  
  26  2:58  Stalker x2  
  26  3:00  Probe  
  26  3:04  Blink  
  31  3:05  Pylon  
  31  3:20  Gateway  
  31  3:33  Nexus  
  31  3:45  Stalker  
  33  3:53  Stalker  
  35  4:01  Pylon  
  35  4:20  Shield Battery  
  35  4:27  Robotics Facility  
  35  4:32  Probe  
  36  4:41  Stalker  
  36  4:44  Probe  
  39  4:52  Probe  
  39  4:56  Probe  
  41  5:00  Probe  
  42  5:08  Probe  
  45  5:22  Probe  
  45  5:26  Dark Shrine, Probe  
  47  5:38  Stalker x3  
Show
View Real Time Build Order
Export as new Build Order

BizMac Protoss 

Build Orders:  

Get SALT Encoding   

  12  0:01  Probe  
  13  0:14  Probe  
  14  0:26  Pylon  
  14  0:31  Probe  
  14  0:34  Assimilator  
  15  0:44  Probe  
  16  0:53  Gateway  
  16  0:56  Probe  
  17  1:08  Probe  
  18  1:21  Probe  
  18  1:24  Assimilator  
  19  1:37  Pylon  
  19  1:38  Probe  
  20  1:47  Cybernetics Core  
  20  1:48  Probe  
  20  1:49  Zealot  
  23  1:56  Probe  
  24  2:05  Probe  
  25  2:09  Gateway  
  25  2:10  Gateway  
  25  2:29  Stalker  
  25  2:38  Probe  
  24  2:44  Warp Gate  
  24  2:46  Probe  
  24  2:56  Probe  
  25  3:08  Probe  
  26  3:19  Probe  
  26  3:24  Nexus  
  27  3:27  Probe  
  28  3:38  Probe  
  28  3:45  Pylon  
  29  4:06  Forge  
  29  4:26  Gateway  
  29  4:30  Pylon  
  29  4:38  Stargate  
  29  4:48  Probe  
  30  4:57  Probe  
  30  5:06  Probe  
  32  5:17  Zealot x2  
  32  5:18  Zealot, Probe  
  39  5:24  Stargate  
  35  5:47  Stalker x3  
Show
View Real Time Build Order
Export as new Build Order

Fluxior Terran 

Build Orders: Reaper Expand, MMM Bio 

Get SALT Encoding   

  12  0:00  SCV  
  13  0:13  SCV  
  14  0:18  Supply Depot  
  14  0:25  SCV  
  15  0:39  SCV  
  15  0:41  Barracks  
  16  0:51  Refinery  
  16  0:52  SCV  
  17  1:04  SCV  
  18  1:16  SCV  
  19  1:28  Orbital Command  
  19  1:34  Reaper  
  20  1:44  Command Center  
  20  1:53  SCV  
  21  1:58  Barracks  
  21  2:05  SCV  
  22  2:10  Barracks Reactor  
  22  2:12  Supply Depot  
  22  2:18  SCV  
  23  2:31  Barracks  
  23  2:34  SCV  
  24  2:46  SCV  
  24  2:48  Barracks Tech Lab  
  24  2:50  Marine x2  
  27  2:56  Orbital Command  
  26  2:58  SCV  
  26  3:00  Bunker  
  27  3:06  Marine  
  27  3:08  Marine x2  
  27  3:10  SCV  
  31  3:13  Stimpack  
  31  3:18  Barracks Tech Lab  
  31  3:22  SCV  
  31  3:25  SCV  
  31  3:26  Marine x3  
  36  3:35  SCV  
  36  3:37  Marine, SCV, Combat Shields  
  39  3:44  Marine x3  
  39  3:47  SCV  
  43  3:48  Supply Depot  
  43  3:49  SCV  
  43  3:54  Engineering Bay  
  45  3:59  SCV  
  45  4:00  Supply Depot  
  46  4:07  Marine  
  46  4:09  Marine  
  46  4:10  Marauder x2, SCV  
  46  4:12  SCV  
  46  4:14  Refinery  
  53  4:17  Supply Depot  
  53  4:22  SCV  
  53  4:24  SCV  
  55  4:28  Marine x2  
  57  4:34  Marauder, SCV  
  57  4:36  SCV  
  61  4:39  Marauder  
  61  4:42  Supply Depot  
  61  4:44  Supply Depot  
  63  4:46  SCV  
  63  4:51  SCV  
  65  4:54  Refinery  
  65  4:55  Marine x3  
  65  4:58  SCV  
  69  5:00  Marine  
  69  5:03  Factory  
  69  5:06  SCV  
  71  5:10  SCV  
  71  5:12  Marine  
  73  5:14  Supply Depot  
  73  5:16  Marauder, Marine  
  73  5:18  Marine, SCV  
  73  5:21  Supply Depot  
  78  5:22  SCV  
  78  5:25  Supply Depot  
  79  5:30  SCV  
  79  5:35  SCV  
  81  5:40  Supply Depot  
Show
View Real Time Build Order
Export as new Build Order

TripleHelix Protoss 

Build Orders:  

Get SALT Encoding   

  12  0:01  Probe  
  13  0:13  Probe  
  14  0:18  Pylon  
  14  0:25  Probe  
  15  0:37  Probe  
  15  0:41  Gateway  
  16  0:46  Probe  
  16  0:48  Assimilator  
  17  0:54  Probe  
  17  1:01  Pylon  
  18  1:04  Probe  
  19  1:16  Probe  
  20  1:26  Assimilator  
  20  1:28  Probe  
  20  1:32  Cybernetics Core  
  21  1:40  Probe  
  22  1:52  Probe  
  23  1:58  Gateway  
  23  1:59  Warp Gate  
  23  2:09  Stalker  
  23  2:11  Shield Battery  
  23  2:13  Probe  
  26  2:35  Pylon  
  26  2:37  Robotics Facility  
  26  2:40  Stalker  
  28  2:49  Probe  
  29  2:52  Stalker  
  31  3:13  Pylon  
  31  3:14  Warp Prism  
  31  3:26  Stalker  
  35  3:27  Stalker  
  37  3:35  Pylon  
  37  3:37  Probe  
  38  3:59  Nexus  
  38  4:00  Immortal  
  42  4:26  Pylon  
  42  4:34  Forge  
  42  4:35  Probe  
  43  4:39  Observer  
  44  4:46  Gateway  
  44  4:51  Immortal  
  48  5:22  Stalker x2  
Tags
 
Add a new tag
Caveats
  • Supply blocks, unpowered buildings, or Contaminate may cause inaccurate times.
  • Supply counts are checked every 10 seconds.